Cogmind - Beta 12 @@@ ROGUE MODE // 2023.11.09 @ 11:58:57 Player: OgamiTringle Result: Destroyed by Y-45 Defender with Heavy Assault Rifle Performance ------------- Evolutions (1) 500 Regions Visited (2) 400 Robots Destroyed (16) 80 Value Destroyed (377) 377 Prototype IDs (0) 0 Alien Tech Used (0) 0 Bonus (0) 0 TOTAL SCORE: 1357 Bonus ------- None Cogmind --------- Core Integrity 0/400 Matter 300/300 Energy 100/100 System Corruption 0% Temperature Cool (9) Movement Core (350) Ox6 Location -9/Materials Parts ------- > --- POWER (1) -------- (None) > --- PROPULSION (2) --- (None) > --- UTILITY (4) ------ Large Storage Unit Signal Interpreter > --- WEAPON (2) ------- (None) > --- INVENTORY (15) --- Improved Ion Engine Light Nuclear Core Aluminum Leg Aluminum Leg Aluminum Leg Aluminum Leg Improved Aluminum Leg Heat Sink Visual Processing Unit Signal Interpreter Hardened Light Armor Plating Beam Rifle Grenade Launcher Peak State ------------ > --- POWER ------------ Ion Engine > --- PROPULSION ------- Aluminum Leg Aluminum Leg > --- UTILITY ---------- Large Storage Unit Sensor Array Signal Interpreter ECM Suite > --- WEAPON ----------- Medium Laser Medium Laser > --- INVENTORY -------- Improved Ion Engine Light Nuclear Core Aluminum Leg Aluminum Leg Aluminum Leg Aluminum Leg Aluminum Leg Heat Sink Visual Processing Unit Signal Interpreter Hardened Light Armor Plating Medium Laser Beam Rifle Grenade Launcher [Rating: 11] Favorites ----------- Power Ion Engine Engine Ion Engine Propulsion Aluminum Leg Leg Aluminum Leg Flight Unit Flight Unit Utility Signal Interpreter Device ECM Suite Storage Large Storage Unit Processor Signal Interpreter Weapon Medium Laser Energy Gun Medium Laser Build | -11 -10 -9 ------- Run | Jun Mat Mat Slots Evolved 2 | . . 2 Power . | . . . Propulsion . | . . . Utility 2 | . . 2 Weapon . | . . . Parts Attached 26 | 6 13 7 Power 1 | 1 . . Engine 1 | 1 . . Core . | . . . Reactor . | . . . Propulsion 9 | 2 6 1 Treads . | . . . Leg 6 | 2 3 1 Wheel . | . . . Hover . | . . . Flight 3 | . 3 . Utility 6 | 1 3 2 Device 3 | . 1 2 Storage 2 | 1 1 . Processor 1 | . 1 . Hackware . | . . . Protection . | . . . Artifact . | . . . Weapon 10 | 2 4 4 Energy Gun 10 | 2 4 4 Energy Cannon . | . . . Ballistic Gun . | . . . Ballistic Cannon . | . . . Launcher . | . . . Special Weapon . | . . . Impact Weapon . | . . . Slashing Weapon . | . . . Piercing Weapon . | . . . Special Melee Weapon . | . . . Unidentified Prototypes . | . . . Parts Lost 9 | . . 9 Power 1 | . . 1 Propulsion 3 | . . 3 Utility 2 | . . 2 Weapon 3 | . . 3 Highest Loss Streak 9 | . . 9 To Critical Strikes . | . . . Average Slot Usage (%) 94 | . 96 91 Engine 12 | . 14 9 Leg 24 | . 27 19 Device 8 | . 1 19 Storage 12 | . 14 11 Processor 9 | . 9 11 Energy Gun 24 | . 27 19 Naked Turns . | . . . Heaviest Build 32 | 13 29 32 Greatest Support 20 | 20 20 20 Greatest Overweight (x) 2 | 2 1 1 Average Overweight (x) . | . . 1 Largest Inventory Capacity 15 | 8 15 15 Average Capacity 11 | 7 9 15 Most Carried 15 | 7 13 15 Average Carried 10 | 3 8 14 Final Capacity 15 | 8 15 15 Final Carried 13 | 4 13 13 Class Distribution -------------------- 100% | Mutant Dominant Class ---------------- Mutant | -10/Materials Mutant | -9/Materials Resources | -11 -10 -9 ----------- Run | Jun Mat Mat Matter Collected 427 | 248 142 37 Remotely . | . . . Salvage Created 434 | . 354 80 Parts 34 | . 30 4 Haulers Intercepted . | . . . Recyclers Shooed . | . . . Parts Field Recycled . | . . . Retrieved Matter . | . . . Parts Self-Destructed . | . . . Prevented . | . . . Kills | -11 -10 -9 ------- Run | Jun Mat Mat Combat Hostiles Destroyed 14 | . 12 2 Guns 14 | . 12 2 Classes Destroyed 3 | . 3 . Watcher 2 | . 2 . Swarmer 6 | . 6 . Grunt 8 | . 6 2 Best Kill Streak 3 | . 3 1 Combat Bots Only 3 | . 3 1 Max Kills in Single Turn 1 | . 1 1 Gunslinging . | . . . Exploded . | . . . Melee . | . . . Uniques/NPCs Destroyed . | . . . Combat | -11 -10 -9 -------- Run | Jun Mat Mat Damage Taken 1225 | . 347 878 Core 514 | . 102 412 Absorbed by Shields . | . . . Core Remaining (%) 79 | 100 59 . Volleys Fired 57 | . 34 23 Largest 2 | . 2 2 Hottest 106 | . 100 106 Shots Fired 104 | . 66 38 Gun 104 | . 66 38 Cannon . | . . . Launcher . | . . . Special . | . . . Kinetic . | . . . Thermal 104 | . 66 38 Explosive . | . . . Electromagnetic . | . . . Robot Hit Streak 8 | . 5 8 Robot Miss Streak 5 | . 5 3 Penetration Max . | . . . Secondary Targets 1 | . . 1 Max Gunslinging Chain 1 | . . 1 Shots Hit Robots 62 | . 37 25 Core Hits 29 | . 21 8 Critical Kills . | . . . Critical Parts Destroyed . | . . . Critical Strikes 5 | . 3 2 Burn 5 | . 3 2 Melee Attacks . | . . . Impact . | . . . Slashing . | . . . Piercing . | . . . Sneak Attacks . | . . . Combat Hostiles . | . . . Follow-up Attacks . | . . . Damage Inflicted 787 | . 456 331 Guns 775 | . 456 319 Cannons . | . . . Explosions . | . . . Melee . | . . . Ramming 12 | . . 12 Kinetic . | . . . Thermal 775 | . 456 319 Explosive . | . . . Electromagnetic . | . . . Impact . | . . . Slashing . | . . . Piercing . | . . . Highest Corruption . | . . . Average Corruption . | . . . Corruption Purged . | . . . Corruption Blocked . | . . . Overload Shots . | . . . Overflow Damage . | . . . Projectiles . | . . . Explosions . | . . . Melee . | . . . Knockbacks . | . . . Impact . | . . . Kinetic . | . . . Secondary . | . . . Self-Inflicted Damage . | . . . Shots . | . . . Rammed 9 | . . 9 Targets Rammed 15 | . . 15 Kicked 6 | . . 6 Crushed . | . . . Highest Temperature 438 | . 297 438 Average Temperature 140 | . 85 248 Received Heat Transfer 450 | . 147 303 Effects 8 | . 3 5 Shutdowns 1 | . . 1 Interference 3 | . 3 . Matter Decay 1 | . . 1 Short Circuit 1 | . . 1 Damage (minor) 2 | . . 2 Siege Activations . | . . . Robots Corrupted . | . . . Combat Hostiles . | . . . Parts Fried . | . . . Impact Corruptions . | . . . Robots Melted . | . . . Combat Hostiles . | . . . Parts Melted 4 | . 4 . Heat Transferred 2580 | . 1507 1073 Parts Sabotaged . | . . . Parts Stolen . | . . . Parts Stripped . | . . . Power Chain Reactions . | . . . Missiles Intercepted . | . . . Alert | -11 -10 -9 ------- Run | Jun Mat Mat Peak Influence 265 | . 265 50 Initial 20 | . . 20 Average 91 | . 135 27 Maximum Alert Level 1 | . 1 . Low Security (%) 98 | 100 97 100 Level 1 1 | . 2 . Level 2 . | . . . Level 3 . | . . . Level 4 . | . . . Level 5 . | . . . High Security . | . . . Max Security . | . . . Squads Dispatched 3 | . 2 1 Investigation . | . . . Extermination . | . . . Reinforcement 3 | . 2 1 Assault . | . . . Garrison . | . . . Intercept . | . . . Searches Triggered . | . . . Construction Impeded . | . . . Haulers Reinforced . | . . . Active Scanning Responses . | . . . Cargo Convoy Interrupts . | . . . Stealth | -11 -10 -9 --------- Run | Jun Mat Mat Distress Signals 3 | . 1 2 Communications Jammed . | . . . Distress Signals . | . . . Times Spotted 32 | . 18 14 Peak Tracking Total 7 | . 5 7 Tactical Retreats 2 | . 1 1 Traps | -11 -10 -9 ------- Run | Jun Mat Mat Traps Triggered . | . . . Indirectly . | . . . Trap Hack Attempts . | . . . Triggered . | . . . Disarmed . | . . . Reprogrammed . | . . . Reused . | . . . Traps Extracted . | . . . Installed . | . . . Triggered . | . . . Machines | -11 -10 -9 ---------- Run | Jun Mat Mat Machines Disabled . | . . . Max in Single Turn . | . . . Machines Repaired . | . . . Machines Sabotaged . | . . . Overloaded Fab Kills . | . . . Hacking | -11 -10 -9 --------- Run | Jun Mat Mat Machines Accessed 1 | . 1 . Terminals 1 | . 1 . Fabricators . | . . . Repair Stations . | . . . Recycling Units . | . . . Scanalyzers . | . . . Garrison Access . | . . . Total Hacks 2 | . 2 . Successful . | . . . Failed 2 | . 2 . Catastrophic . | . . . Database Lockouts . | . . . Manual . | . . . Terminals 2 | . 2 . Fabricators . | . . . Repair Stations . | . . . Recycling Units . | . . . Scanalyzers . | . . . Garrison Access . | . . . Terminal Hacks . | . . . Fabricator Hacks . | . . . Repair Station Hacks . | . . . Recycling Unit Hacks . | . . . Scanalyzer . | . . . Garrison Access Hacks . | . . . Unauthorized Hacks . | . . . Terminals . | . . . Fabricators . | . . . Repair Stations . | . . . Recycling Units . | . . . Scanalyzers . | . . . Garrison Access . | . . . Data Cores Recovered . | . . . Used . | . . . Hacking Detections 1 | . 1 . Full Trace Events . | . . . Feedback Events . | . . . Feedback Blocked . | . . . Robot Schematics Acquired . | . . . Robots Built . | . . . Authchips . | . . . Time . | . . . Total Robot Build Rating . | . . . Part Schematics Acquired . | . . . Parts Built . | . . . Authchips . | . . . Time . | . . . Total Part Build Rating . | . . . Parts Repaired . | . . . Time . | . . . Parts Recycled . | . . . Recycled Matter . | . . . Retrieved Matter . | . . . Retrieved Components . | . . . Parts Scanalyzed . | . . . Part Schematics Acquired . | . . . Parts Damaged . | . . . Bothacking | -11 -10 -9 ------------ Run | Jun Mat Mat Used RIF Installer . | . . . Robots Hacked . | . . . Non-combat . | . . . Combat . | . . . Robot Hacks Applied . | . . . Relay Couplers Released . | . . . Fabnet Peak Effective % . | . . . Robots Rewired . | . . . Allies Hacked . | . . . Hacks Repelled . | . . . Allies | -11 -10 -9 -------- Run | Jun Mat Mat Total Allies . | . . . Largest Group . | . . . Highest-Rated Group . | . . . Highest-Rated Ally . | . . . Total Orders . | . . . Ally Attacks . | . . . Total Damage . | . . . Kills . | . . . Allies Corrupted . | . . . Allies Melted . | . . . Intel | -11 -10 -9 ------- Run | Jun Mat Mat Robot Analysis Total . | . . . Derelict Logs Recovered . | . . . Drone Launches . | . . . Drone Recoveries . | . . . Exploration | -11 -10 -9 ------------- Run | Jun Mat Mat Turns Passed 1470 | 68 887 515 Spaces Moved 697 | 39 510 148 Core 20 | 20 . . Treads . | . . . Legs 676 | 19 509 148 Wheels . | . . . Hover . | . . . Flight 1 | . 1 . Fastest Speed 50 | 50 117 190 Average Speed 147 | 127 136 190 Slowest Speed 190 | 150 190 190 Overloaded Moves . | . . . Propulsion Burnouts . | . . . Robots Hopped . | . . . Cave-ins Triggered . | . . . Exploration Rate (%) 26 | 3 62 14 Regions Visited 2 Branch Regions . Pre-discovered Areas . | . . . Known Exits Taken 1 | . 1 . Unknown Exits Taken 1 | 1 . . Scrap Searched . | . . . Spaces Dug . | . . . Terrain Destroyed . | . . . Melee . | . . . Projectile . | . . . AOE . | . . . Terrain Rammed . | . . . Walls Destroyed . | . . . Machines Disabled . | . . . Actions | -11 -10 -9 --------- Run | Jun Mat Mat Total 1008 | 57 639 312 Wait 159 | 3 42 114 Move 695 | 38 509 148 Hop . | . . . Pick Up 38 | 10 24 4 Fast Attach 2 | . 2 . Attach 15 | 6 4 5 Detach 2 | . 1 1 Swap 9 | . 7 2 Drop 16 | . 16 . Fire 57 | . 34 23 Melee . | . . . Ram 9 | . . 9 Kick 6 | . . 6 Crush . | . . . Escape Stasis . | . . . Rewire . | . . . Trap . | . . . Miscellaneous . | . . . Route ------- -11/Junkyard -10/Materials (discovered 2 exits: *Mat x2) -9/Materials History --------- Turn | Location | Event 18 | -11/Junkyard | Discovered new exit (range 16) 69 | -11/Junkyard | Entered Materials 318 | -10/Materials | Build established: Mutant 346 | -10/Materials | Discovered new exit (range 14) 386 | -10/Materials | Identified exit to Materials 557 | -10/Materials | Discovered exit to Materials (range 16) 956 | -10/Materials | Entered another Materials area 956 | -9/Materials | Evolved 2 slots: Utility x2 1443 | -9/Materials | Core integrity fell below 50% 1464 | -9/Materials | Core integrity fell below 20% 1471 | -9/Materials | Destroyed by Y-45 Defender with Heavy Assault Rifle Last Messages --------------- 01441_ Slammed into S-10 Pest. 01445_ Med. Laser destroyed. 01445_ Critical hit (Burn: +37). 01445_ Slammed into S-10 Pest. 01450_ K-01 Serf cleans the Terminal. 01451_ W-16 Scout sends out distress signal. 01452_ Slammed into M-13 Machinist. 01454_ R-06 Scavenger collects Sml. Laser. 01455_ Slammed into R-06 Scavenger. 01457_ R-06 Scavenger collects Aluminum Leg. 01459_ M-13 Machinist repairs S-10 Pest. 01459_ Slammed into R-06 Scavenger. 01462_ Slammed into Y-45 Defender. 01462_ Destabilizing: Core damaged (-4). 01465_ S-10 Pest destroyed. 01466_ M-13 Machinist repairs Flight Unit. 01466_ Slammed into Y-45 Defender. 01466_ Signal Interpreter broken. 01466_ Destabilizing: Short circuit. 01469_ Slammed into Y-45 Defender. Map ----- +----------------------------------------------------+ | ????????????????????????????########## + | | ??????????????????????????????######## # """ """ | | ??????????????????????????????# # # """ """ | | ??????????????????????????????# # # """ """ | | ??????????????????????????????# # # | | ??????????????????????????????# + # | | ??????????????????????????????# # # | | ??????????????????????????????# / ########## | | ??????????????????????????????########+#########?? | | ???????????????????????????????????# #?? | | ???????????????????????????????????# """ #?? | | ???????????????????????????????????# """ #?? | | ???????????????????????????????????# """ """ #?? | | ???????????????????????????????????# "R #?? | | ???????????????????????????????????# """ #?? | | ???????????????????????????????????# #?? | | ????????????????????????????????#########+######?? | | ?????????????????????########???# !! #??? | | ?????????????????????# #???# ! ##+#### | | ?????????????????????# !!! ##??# # | | ?????????????????????#" !!! ???# # T | | ?????????????????????#T !! #???# """ # | | ??????????????????????" % #???# """ # | | ??????????????????????? *%%!????# """ ####### | | ????????????????#########s#######m #?? | | ????????? u k ossY@mr%= #?? | | ????????????????##############+## #?? | | ????????????????????????# #### ######+###### | | ????????????????????????# #??# ???# # | | ????????????????????????# #??# ??# # | | ????????????????????????# #??# ?# # | | ????????????????????????#########??# ## # | | ???????????????????????????????????# ## # | | ???????????????????????????????????? ## # | | ???????????????????????????????????? ######### | | ???????????????????????????????????? ? #???????? | | ????????????????????????????????????? ???????????? | | ?????????????????????????????????????????????????? | | ?????????????????????????????????????????????????? | | ?????????????????????????????????????????????????? | | ?????????????????????????????????????????????????? | | ?????????????????????????????????????????????????? | | ?????????????????????????????????????????????????? | | ?????????????????????????????????????????????????? | | ?????????????????????????????????????????????????? | | ?????????????????????????????????????????????????? | | ?????????????????????????????????????????????????? | | ?????????????????????????????????????????????????? | | ?????????????????????????????????????????????????? | | ?????????????????????????????????????????????????? | +----------------------------------------------------+ Best States ------------- Heat Dissipation 35 Energy Generation 10 Energy Capacity 250 Matter Stores 300 Matter Capacity 300 Sight Range 16 Robot Scan Range 14 Terrain Scan Density 10 ECM Strength 1 Evasion (%) 55 Item Schematics ----------------- None Robot Schematics ------------------ None Fabricated ------------ Nothing Alien Tech Used ----------------- None Achievements -------------- None Challenges ------------ None Game ------ Seed AngularMassShotgun Manual? 0 Play Time 00:11:26 Cumulative 8.2 hours Start 2023.11.09 @ 11:43:48 End 2023.11.09 @ 11:58:57 Sessions 1 Manual Loads 0 Difficulty Rogue Special Mode None Game No. 18 Rogue 18 Adventurer 0 Explorer 0 Win Type - Total 0 Types 0/0/0/0/0/0/0/0/0 Lore% 10 Gallery% 13 Achievement% 14 Wizard Run 0 Options --------- ASCII 0 Keyboard 0 Movement Mouse Keybinds 0 Fullscreen 2 Font 24/Crisp Map View 76x50 Tactical HUD 1 Map Filters NONE Filters NONE Steam 1 RUN: 1fde461d-ba47-42eb-9893-a4595200ce1c